 Dungeon Crawl Stone Soup version 0.26-a0-1184-g95e395e029 (webtiles) character file.

Game seed: 13767767643027739082

1568 uibert the Arsonist (level 8, -1/57 HPs)
             Began as a Demonspawn Fire Elementalist on Dec 27, 2020.
             Was an Initiate of Vehumet.
             Slain by Maggie
             ... wielding a +0 glaive
              (14 damage)
             ... on level 8 of the Dungeon.
             The game lasted 00:28:06 (7398 turns).

uibert the Arsonist (Demonspawn Fire Elementalist)  Turns: 7398, Time: 00:28:07

Health: -1/57      AC:  6    Str: 11    XL:     8   Next: 59%
Magic:  1/13       EV: 14    Int: 17    God:    Vehumet [......]
Gold:   363        SH:  0    Dex: 13    Spells: 8/13 levels left

rFire    + . .     SeeInvis .   x - +2 flail of Destiny {venom, rElec Will+}
rCold    . . .     Faith    .   (no shield)
rNeg     . . .     Spirit   .   a - +0 robe
rPois    .         Reflect  .   f - +1 hat
rElec    +         Harm     .   (no cloak)
rCorr    .         Rampage  .   n - +2 pair of gloves
Will     +....                  (no boots)
Stlth    ++........             (no amulet)
HPRegen  0.19/turn              e - ring of protection from fire
MPRegen  0.13/turn              (no ring)

@: mesmerised
A: horns 2, repulsion field 1, demonic guardian 1, spiny 1
a: Renounce Religion


You were on level 8 of the Dungeon.
You worshipped Vehumet.
Vehumet was noncommittal.
You visited 1 branch of the dungeon, and saw 7 of its levels.

You collected 363 gold pieces.

Inventory:

Hand Weapons
 b - a +0 whip
 d - a +2 whip of electrocution
 u - a +1 whip of venom
 x - the +2 flail of Destiny (weapon) {venom, rElec Will+}
   (You found it on level 4 of the Dungeon)

   It poisons the flesh of those it strikes.
   It insulates you from electricity.
   It affects your willpower, your defense against some magical effects.
Missiles
 j - 2 datura-tipped darts
Armour
 a - a +0 robe (worn)
 c - a +0 scale mail
 f - a +1 hat (worn)
 n - a +2 pair of gloves (worn)
Jewellery
 e - a ring of protection from fire (left hand)
Wands
 k - a wand of flame (25)
 s - a wand of random effects (12)
 A - a wand of iceblast (8)
Scrolls
 h - 2 scrolls of magic mapping
 i - 3 scrolls of teleportation
 o - 3 scrolls of immolation
 r - 5 scrolls of remove curse
 t - 2 scrolls of enchant weapon {unknown}
 y - 3 scrolls of noise {unknown}
 B - a scroll of amnesia
Potions
 g - a potion of might
 l - a potion of lignification {unknown}
 m - a potion of ambrosia {unknown}
 p - 4 potions of flight {unknown}
 q - a potion of degeneration {unknown}
 v - a potion of curing {unknown}
 w - a potion of mutation {unknown}
 z - a potion of brilliance {unknown}


   Skills:
 + Level 2.7 Fighting
 - Level 1.7 Dodging
 - Level 1.7 Stealth
 + Level 3.3 Spellcasting
 + Level 3.0 Conjurations
 * Level 9.1 Fire Magic


You had 8 spell levels left.
You knew the following spells:

 Your Spells              Type           Power        Failure   Level
a - Foxfire               Conj/Fire      92%          1%          1
b - Sticky Flame          Conj/Fire      23%          14%         4

Your spell library contained the following spells:

 Spells                   Type           Power        Failure   Level
 Conjure Flame            Conj/Fire      23%          4%          3
 Inner Flame              Hex/Fire       18%          8%          3
 Fireball                 Conj/Fire      11%          36%         5


Dungeon Overview and Level Annotations

Branches:
Dungeon (6/15)
 Temple: D:4-7

Altars:
Ashenzari
Elyvilon
Makhleb
Ru
Trog
Vehumet
Wu Jian
Yredelemnul
The Shining One

Annotations:
D:2 1 runed translucent door, Crazy Yiuf
D:8 Maggie


Innate Abilities, Weirdness & Mutations

You have a pair of horns on your head.
You are surrounded by a mild repulsion field. (EV +2)
A weak demonic guardian rushes to your aid.
You are partially covered in sharp spines.


Message History

Confirm with . or Enter, or press ? or * to list all spells.
You conjure some foxfire!
Maggie shouts!
Maggie hits you with a +0 glaive!
You barely miss Maggie. You headbutt Maggie, but do no damage.
Maggie is severely wounded.
The foxfire hits Maggie.
Maggie is severely wounded.
Maggie is struck by your spines. Maggie hits you with a +0 glaive!
Your shadow imp hits Maggie but does no damage.
Casting: Foxfire (safe; 1% risk of failure)
Confirm with . or Enter, or press ? or * to list all spells.
You conjure some foxfire!
Maggie is struck by your spines. Maggie hits you with a +0 glaive!
* * * LOW HITPOINT WARNING * * *
Your shadow imp closely misses Maggie.
You closely miss Maggie.
Maggie is almost dead.
Maggie hits you with a +0 glaive!
You die...

## ..# ...#
#....
#.....
#.....(
####@.?...#
#.5@5......
#.vv######.
#..## #.##
#(# ###


You could see Maggie (mesmerising), a friendly quasit (summoned) and a friendly
shadow imp (summoned).

Vanquished Creatures
  Grinder (D:3)
  A sky beast (D:6)
  An ogre (D:6)
  A centaur (D:5)
  3 wights (D:6)
  A howler monkey (D:5)
  A crimson imp (D:5)
  2 orc wizards (D:5)
  A centaur skeleton (D:2)
  3 orc priests
  2 hounds
  Jessica (D:3)
  A worker ant (D:5)
  9 gnolls
  12 adders
  An ufetubus (D:5)
  An adder skeleton (D:5)
  5 worms
  2 dart slugs
  3 leopard geckos
  8 orcs
  5 ball pythons
  3 giant cockroaches
  16 goblins
  6 hobgoblins
  3 jackals (D:5)
  2 quokkas
  A ball python skeleton (D:4)
  5 bats
  3 frilled lizards
  7 kobolds
  A leopard gecko skeleton (D:5)
  3 rats
115 creatures vanquished.

Vanquished Creatures (collateral kills)
  2 ogres
  A bullfrog (D:8)
  A bullfrog zombie (D:6)
  A centaur skeleton (D:3)
  An orc priest (D:5)
  2 orc wizards (D:5)
  Terence (D:2)
  Robin (D:2)
  An adder (D:5)
  2 orcs (D:5)
  2 goblins (D:2)
  A hobgoblin (D:2)
16 creatures vanquished.

Vanquished Creatures (others)
  316 foxfires
316 creatures vanquished.

Grand Total: 447 creatures vanquished

Notes
Turn   | Place    | Note
-------+----------+-------------------------------------------
     0 | D:1      | uibert the Demonspawn Fire Elementalist began the quest for
                  | the Orb.
     0 | D:1      | Reached XP level 1. HP: 13/13 MP: 3/3
   133 | D:1      | Reached skill level 3 in Fire Magic
   614 | D:1      | Gained mutation: A weak demonic guardian rushes to your
                  | aid. [demonic ancestry]
   614 | D:1      | Reached XP level 2. HP: 2/19 MP: 0/5
  1403 | D:2      | Noticed Robin
  1755 | D:2      | Reached XP level 3. HP: 16/24 MP: 6/6
  1878 | D:2      | Noticed Terence
  1890 | D:2      | Reached skill level 4 in Fire Magic
  2085 | D:2      | Killed Terence
  2086 | D:2      | Gained mutation: You have a pair of small horns on your
                  | head. [demonic ancestry]
  2086 | D:2      | Reached XP level 4. HP: 30/30 MP: 5/7
  2209 | D:2      | Killed Robin
  2210 | D:2      | Reached skill level 5 in Fire Magic
  2570 | D:2      | Gained mutation: You are partially covered in sharp spines.
                  | [demonic ancestry]
  2570 | D:2      | Reached XP level 5. HP: 35/35 MP: 5/8
  2800 | D:2      | Found a bloodstained altar of Trog.
  2804 | D:2      | Found a glowing golden altar of the Shining One.
  2811 | D:2      | Found an ornate altar of the Wu Jian Council.
  2872 | D:2      | Found a broken altar of Ashenzari.
  2976 | D:2      | Found a runed translucent door.
  2979 | D:2      | Noticed Crazy Yiuf
  3644 | D:3      | Noticed Jessica
  3645 | D:3      | Killed Jessica
  3709 | D:3      | Reached skill level 6 in Fire Magic
  3714 | D:3      | Noticed Grinder
  3714 | D:3      | Paralysed by Grinder for 4 turns
  3752 | D:3      | Killed Grinder
  3753 | D:3      | Gained mutation: You are surrounded by a mild repulsion
                  | field. (EV +2) [demonic ancestry]
  3753 | D:3      | Reached XP level 6. HP: 29/41 MP: 0/9
  3760 | D:3      | Reached skill level 7 in Fire Magic
  4184 | D:3      | Gained mutation: You have a pair of horns on your head.
                  | [demonic ancestry]
  4184 | D:3      | Reached XP level 7. HP: 46/46 MP: 6/10
  4875 | D:4      | Found a basalt altar of Yredelemnul.
  4949 | D:4      | Found a white marble altar of Elyvilon.
  5013 | D:4      | Got a slimy flail
  5014 | D:4      | Identified the +2 flail of Destiny {venom, rElec Will+}
                  | (You found it on level 4 of the Dungeon)
  5190 | D:5      | Entered Level 5 of the Dungeon
  5369 | D:5      | Learned a level 4 spell: Sticky Flame
  5620 | D:5      | Reached skill level 8 in Fire Magic
  5756 | D:5      | Reached skill level 1 in Fighting
  5969 | D:5      | Reached XP level 8. HP: 54/54 MP: 9/11
  6103 | D:5      | Found a radiant altar of Vehumet.
  6130 | D:5      | Found a burning altar of Makhleb.
  6135 | D:5      | Became a worshipper of Vehumet
  7099 | D:6      | Reached skill level 9 in Fire Magic
  7288 | D:6      | Found a sacrificial altar of Ru.
  7370 | D:6      | You fall into a shaft and drop 2 floors!
  7377 | D:8      | Noticed Maggie
  7398 | D:8      | Slain by Maggie

Illustrated notes

Levels and vault maps discovered:
D:1:      lightli_arrival_windingriver, layout_loops_corners,
          minmay_misc_feat_nine_boxes, serial_park_tiny_2
D:2:      layout_loops_ring, lemuel_round_altar, grunt_temple_overflow_diamond,
          kennysheep_generic_room_15, uniq_crazy_yiuf_cottage, uniq_robin,
          uniq_terence
D:3:      layout_basic, gup_sewer_entry_spiral, wad_floor_pattern_untrapped,
          uniq_jessica, uniq_grinder
D:4:      layout_rooms, kennysheep_ying_yang, small_statue_intersection,
          corexii_checkpoint_b
D:5:      layout_layer_cave, grunt_temple_overflow_lords_of_destruction
D:6:      layout_rooms, lemuel_doored_altar
D:8:      layout_layer_cave, uniq_maggie

Skill      XL: |  1  2  3  4  5  6  7  8 |
---------------+-------------------------+-----
Fire Magic     | 3 4 5 6 7 8 9 |  9.1
Fighting       | 1 2 |  2.7
Conjurations   | 3 |  3.0
Spellcasting   | 3 |  3.3
Dodging        | |  1.7
Stealth        | |  1.7

Action                   |  1- 3 |  4- 6 |  7- 9 || total
-------------------------+-------+-------+-------++-------
Melee: Whip              |    46 |    85 |     9 ||   140
       Headbutt          |       |     7 |     7 ||    14
       Flail             |       |       |    41 ||    41
 Cast: Foxfire           |     7 |    64 |   139 ||   210
  Use: Scroll            |       |     2 |     4 ||     6
 Stab: Sleeping          |       |     1 |     3 ||     4
       Distracted        |       |       |     3 ||     3
Armor: Scale mail        |    21 |       |       ||    21
       Robe              |       |    18 |    11 ||    29
Dodge: Dodged            |    27 |    44 |    36 ||   107

Table legend: (Time is in decaauts)
 A = Elapsed time spent in this place.
 B = Non-inter-level travel time spent in this place.
 C = Inter-level travel time spent in this place.
 D = Time resting spent in this place.
 E = Time spent auto-exploring this place.
 F = Levels seen in this place.
 G = Mean time per level.
                   A        B        C        D        E       F      G
               +--------+--------+--------+--------+--------+-----+--------+
         Total |   7477 |   6549 |    928 |   1669 |   2981 |   7 | 1068.1 |
       Dungeon |   7477 |   6549 |    928 |   1669 |   2981 |   7 | 1068.1 |
               +--------+--------+--------+--------+--------+-----+--------+

Top non-repeatable levels by time:
     D:2: 2029 daAuts
     D:5: 1878 daAuts
     D:1: 1453 daAuts
     D:3: 1053 daAuts
     D:4: 744 daAuts
     D:6: 287 daAuts
     D:8: 30 daAuts
